 Dungeon Crawl Stone Soup version 0.21.1-1-g345015f (webtiles) character file.

165 Lilu the Conjurer (level 5, -9/28 HPs)
             Began as a Deep Elf Conjurer on July 24, 2018.
             Was a Follower of Vehumet.
             Killed by divine providence
             ... invoked by an orc priest
              (12 damage)
             ... on level 4 of the Dungeon.
             The game lasted 00:14:15 (3028 turns).

Lilu the Conjurer (Deep Elf Conjurer)               Turns: 3028, Time: 00:14:15

Health: -9/28      AC:  6    Str:  6    XL:     5   Next: 22%
Magic:  7/11       EV: 14    Int: 20    God:    Vehumet [*.....]
Gold:   95         SH:  0    Dex: 15    Spells: 7/10 levels left

rFire    . . .     SeeInvis .   p - -1 quarterstaff (curse)
rCold    . . .     Gourm    .   (shield currently unavailable)
rNeg     . . .     Faith    .   a - +0 robe
rPois    .         Spirit   .   z - +0 helmet
rElec    .         Reflect  .   (no cloak)
rCorr    .         Harm     .   y - +2 pair of gloves
MR       .....                  (no boots)
Stlth    ++........             (no amulet)
HPRegen  0.09/turn              l - +1 ring of evasion (curse)
MPRegen  0.12/turn              (no ring)

@: no status effects
A: no striking features
a: Renounce Religion


You were on level 4 of the Dungeon.
You worshipped Vehumet.
Vehumet was aware of your devotion.
You were hungry.

You visited 1 branch of the dungeon, and saw 4 of its levels.

You collected 95 gold pieces.

Inventory:

Hand Weapons
 i - a +0 blowgun
 p - a cursed -1 quarterstaff (weapon)
 x - a +0 dagger of venom
Missiles
 u - 41 poisoned needles
Armour
 a - a +0 robe (worn)
 y - a +2 pair of gloves (worn)
 z - a +0 helmet (worn)
 B - a +0 buckler
Jewellery
 j - an uncursed amulet of rage
 l - a cursed +1 ring of evasion (left hand)
Scrolls
 d - 3 scrolls of fear {unknown}
 e - 2 scrolls of teleportation {unknown}
 g - a scroll of enchant weapon {unknown}
 h - a scroll of immolation {unknown}
 k - a scroll of amnesia {unknown}
 m - 2 scrolls of remove curse {unknown}
 q - a scroll of random uselessness {unknown}
 r - 3 scrolls of identify {unknown}
 t - a scroll of noise {unknown}
 v - a scroll of magic mapping {unknown}
Potions
 f - 2 potions of lignification {unknown}
 o - a potion of curing {unknown}
 s - a potion of agility {unknown}
 w - a potion of flight {unknown}
Books
 b - a book of Conjurations

   Spells                             Type                      Level
   a - Magic Dart                     Conjuration                  1
   b - Searing Ray                    Conjuration                  2
   c - Dazzling Spray                 Conjuration/Hexes            3
   d - Fulminant Prism                Conjuration/Hexes            4
   e - Force Lance                    Conjuration/Translocation    4
   f - Iskenderun's Mystic Blast      Conjuration                  4
 n - a book of Minor Magic

   Spells                             Type                      Level
   a - Magic Dart                     Conjuration                  1
   b - Blink                          Translocation                2
   c - Call Imp                       Summoning                    2
   d - Slow                           Hexes                        2
   e - Conjure Flame                  Conjuration/Fire             3
   f - Mephitic Cloud                 Conjuration/Poison/Air       3
Comestibles
 c - 6 rations
 A - 2 chunks of flesh


   Skills:
 - Level 2.4 Dodging
 - Level 2.4 Stealth
 - Level 3.0 Spellcasting
 * Level 7.2 Conjurations


You had 7 spell levels left.
You knew the following spells:

 Your Spells              Type           Power        Failure   Level  Hunger
a - Magic Dart            Conj           ####         1%          1    None
b - Searing Ray           Conj           ####..       1%          2    ##.....


Dungeon Overview and Level Annotations

Branches:
Dungeon (4/15)
 Temple: D:4-7

Altars:
Cheibriados
Dithmenos
Elyvilon
Vehumet
Wu Jian


Message History

Things that are here:
a club; a dark potion; 9 gold pieces
Casting: Magic Dart
Confirm with . or Enter, or press ? or * to list all spells.
Aiming: Searing Ray
Press: ? - help, Shift-Dir - straight line, f - orc priest
Aim: an orc priest, wearing a leather armour The searing ray hits the orc priest.
The orc priest is lightly wounded. (Press . to maintain the ray.)
You are feeling hungry.
The orc priest invokes the aid of Beogh against you.
Beogh smites you!
Ouch! That really hurt!
* * * LOW HITPOINT WARNING * * *
The searing ray hits the orc priest.
The orc priest is heavily wounded.
The orc priest invokes the aid of Beogh against you.
Beogh smites you!
You die...

..###.##.........#
#..##.##.####.#..#
#..#..##.# #...##
#..#..##.# #####
#..#.....# ##
#.....#### .o
#.......#
#.###.#..##...#
.......@.##.#.#
...##.#..##.#.# #
....###.# <...#..
# ..%....##
#.....#.# ......#.
.......# #


You could see an orc priest.

Vanquished Creatures
  Robin (D:3)
  3 gnolls (D:2)
  4 adders
  A worm (D:2)
  2 dart slugs (D:1)
  4 leopard geckos (D:1)
  2 orcs
  A ball python (D:3)
  7 bats
  4 giant cockroaches
  11 goblins
  13 hobgoblins
  A quokka (D:2)
  2 frilled lizards (D:2)
  10 kobolds
  6 rats
72 creatures vanquished.

Notes
Turn   | Place    | Note
-------+----------+-------------------------------------------
     0 | D:1      | Lilu the Deep Elf Conjurer began the quest for the Orb.
     0 | D:1      | Reached XP level 1. HP: 10/10 MP: 6/6
   136 | D:1      | Reached XP level 2. HP: 15/15 MP: 2/8
   213 | D:1      | Reached skill level 5 in Conjurations
   419 | D:1      | Learned a level 2 spell: Searing Ray
   646 | D:1      | Reached XP level 3. HP: 19/19 MP: 2/9
  1067 | D:2      | Reached skill level 6 in Conjurations
  1348 | D:2      | Reached XP level 4. HP: 24/24 MP: 6/10
  1472 | D:2      | Found a radiant altar of Vehumet.
  1532 | D:2      | Became a worshipper of Vehumet
  1767 | D:2      | Found an ornate altar of the Wu Jian Council.
  1768 | D:2      | Found a white marble altar of Elyvilon.
  1769 | D:2      | Found a shadowy altar of Dithmenos.
  1771 | D:2      | Found a snail-covered altar of Cheibriados.
  2120 | D:3      | Noticed Robin
  2219 | D:3      | Killed Robin
  2265 | D:3      | Reached * piety under Vehumet
  2265 | D:3      | Offered knowledge of Shock by Vehumet.
  2265 | D:3      | Reached skill level 7 in Conjurations
  2265 | D:3      | Reached XP level 5. HP: 28/28 MP: 4/11
  3028 | D:4      | Killed from afar by an orc priest

Skill      XL: |  1  2  3  4 |
---------------+-------------+-----
Conjurations   | 5 6 7 |  7.2
Dodging        | |  2.4
Stealth        | |  2.4
Spellcasting   | |  3.0

Action                   |  1- 3 |  4- 6 || total
-------------------------+-------+-------++-------
Melee: Quarterstaff      |       |     2 ||     2
 Cast: Magic Dart        |    54 |    77 ||   131
       Searing Ray       |     3 |     5 ||     8
  Eat: Chunk             |     1 |     5 ||     6
Armor: Robe              |     2 |     2 ||     4
Dodge: Dodged            |     7 |     8 ||    15
